Map: 赛博森林-天梯版

Players

msrm

  • Race: Zerg Zerg
  • League: Master

Harstem - Winner!

  • Race: Protoss Protoss

Event: WESG 2018 Grand Finals

VOD

Have the link to the VOD?

Description

Time

  • Played on: March 11, 2019, 1:47 a.m.
  • Length: 7:50

All games in this series

Show
View Real Time Build Order
Export as new Build Order

msrm Zerg 

Build Orders: Pool First 

Get SALT Encoding   

  12  0:01  Drone  
  13  0:13  Overlord  
  13  0:17  Drone  
  14  0:31  Drone x2  
  14  0:34  Drone  
  17  0:44  Extractor  
  17  0:46  Drone  
  17  0:49  Spawning Pool  
  16  0:56  Drone  
  17  1:10  Drone  
  18  1:19  Hatchery  
  18  1:22  Drone  
  18  1:28  Drone  
  19  1:37  Queen  
  21  1:41  Zergling x2  
  22  1:47  Metabolic Boost  
  22  1:54  Overlord  
  22  2:16  Drone x2  
  24  2:24  Lair  
  24  2:33  Hatchery  
  24  2:35  Drone  
  24  2:42  Zergling x4  
  24  2:44  Zergling x2  
  27  2:53  Drone x3  
  29  3:04  Queen  
  31  3:11  Drone x3  
  34  3:23  Hydralisk Den  
  34  3:25  Drone x2  
  35  3:36  Drone  
  35  3:39  Spore Crawler  
  35  3:51  Drone x5  
  39  3:56  Muscular Augments  
  39  3:57  Drone x3  
  39  3:58  Overlord  
  40  4:07  Spore Crawler  
  40  4:08  Queen  
  41  4:11  Spore Crawler  
  41  4:14  Overlord  
  40  4:25  Drone x2  
  40  4:27  Overlord  
  40  4:29  Overlord  
  42  4:37  Drone x5  
  42  4:38  Drone x2  
  49  4:40  Extractor  
  49  4:41  Drone, Extractor  
  49  4:44  Overlord  
  48  4:47  Drone  
  48  4:48  Drone  
  48  4:51  Drone  
  48  4:52  Drone x2  
  53  4:54  Drone  
  50  5:09  Hydralisk  
  50  5:10  Hydralisk  
  50  5:11  Grooved Spines  
  50  5:13  Hydralisk  
  56  5:15  Zergling x4  
  55  5:26  Hydralisk x2  
  55  5:27  Zergling x4  
  55  5:28  Zergling x4  
  51  5:46  Hydralisk x2  
  54  5:51  Hydralisk  
  54  5:52  Zergling x2  
  54  6:01  Hydralisk  
  55  6:09  Overlord, Zergling x4  
  51  6:20  Hydralisk  
  47  6:41  Hydralisk x2  
  47  6:46  Zergling x2  
  47  6:47  Zergling x8  
  46  6:49  Queen  
  46  6:52  Hydralisk  
  46  6:53  Zergling x6  
  46  6:54  Zergling x2  
  55  7:05  Hydralisk  
  55  7:07  Zergling x4  
  53  7:23  Hydralisk  
  53  7:25  Zergling x4  
  54  7:32  Zergling x4  
Show
View Real Time Build Order
Export as new Build Order

Harstem Protoss - Winner!

Build Orders: 1 Gate Expand, Oracle Opening, Phoenix Opening 

Get SALT Encoding   

  12  0:01  Probe  
  13  0:13  Probe  
  14  0:17  Pylon  
  14  0:25  Probe  
  15  0:33  Probe  
  15  0:41  Probe  
  16  0:44  Gateway  
  17  0:51  Probe  
  17  0:52  Assimilator  
  18  1:02  Pylon  
  18  1:03  Probe  
  19  1:15  Probe  
  20  1:27  Nexus  
  20  1:37  Cybernetics Core  
  20  1:39  Probe  
  21  1:47  Assimilator  
  21  1:52  Probe  
  22  1:55  Pylon  
  22  2:03  Adept  
  22  2:07  Probe  
  25  2:19  Probe  
  26  2:23  Adept  
  26  2:24  Stargate  
  26  2:32  Probe  
  29  2:40  Warp Gate  
  29  2:41  Probe  
  29  2:44  Probe  
  31  2:53  Probe  
  31  2:56  Probe  
  33  2:58  Oracle  
  33  3:05  Probe  
  34  3:08  Probe  
  36  3:13  Adept  
  36  3:18  Gateway  
  36  3:19  Probe  
  39  3:22  Gateway  
  39  3:25  Probe  
  40  3:28  Phoenix  
  40  3:31  Pylon, Probe  
  41  3:38  Probe  
  44  3:44  Pylon  
  44  3:51  Probe  
  44  3:53  Oracle  
  45  4:04  Probe x2  
  45  4:06  Pylon  
  50  4:16  Probe x2  
  52  4:22  Assimilator  
  52  4:24  Assimilator  
  52  4:28  Probe x2  
  52  4:29  Adept x3  
  60  4:33  Pylon  
  60  4:37  Pylon  
  60  4:40  Probe  
  60  4:43  Probe  
  62  4:46  Robotics Facility  
  62  4:49  Adept x2  
  62  4:50  Adept  
  68  5:06  Probe  
  69  5:07  Probe  
  69  5:13  Sentry x2  
  74  5:18  Probe  
  75  5:24  Nexus  
  75  5:25  Immortal  
  75  5:27  Forge  
  76  5:31  Pylon, Probe  
  76  5:37  Robotics Bay  
  76  5:42  Probe  
  81  5:43  Probe  
  82  5:54  Probe  
  82  5:55  Probe, Gateway  
  82  5:56  Gateway  
  84  6:01  Observer  
  82  6:07  Probe x2  
  82  6:09  Colossus  
  79  6:19  Probe x2  
  79  6:20  Sentry  
  79  6:21  Adept x2  
  87  6:30  Pylon  
  87  6:31  Probe  
  89  6:41  Probe  
  89  6:44  Probe x2  
  83  6:49  Colossus  
  83  6:50  Assimilator  
  83  6:53  Adept x2  
  88  6:55  Assimilator  
  88  6:57  Pylon  
  88  6:59  Probe  
  88  7:01  Probe  
  89  7:04  Probe  
  96  7:08  Sentry, Adept  
  96  7:09  Adept  
  96  7:11  Probe  
  103  7:20  Probe  
  100  7:29  Adept x4  
  108  7:34  Twilight Council  
  108  7:37  Pylon  
  108  7:39  Photon Cannon  
  108  7:40  Gateway  
  108  7:43  Gateway  
  106  7:49  Adept x3  
Tags
 
Add a new tag
Caveats
  • Supply blocks, unpowered buildings, or Contaminate may cause inaccurate times.
  • Supply counts are checked every 10 seconds.